 Dungeon Crawl Stone Soup version 0.21.1 (webtiles) character file.

429 Inarius the Ruffian (level 6, -4/51 (52) HPs)
             Began as a Ghoul Monk on Feb 4, 2018.
             Was an Initiate of Makhleb.
             Slain by a flying skull (5 damage)
             ... created by the anger of Yredelemnul
             ... on level 4 of the Dungeon.
             The game lasted 00:09:50 (3364 turns).

Inarius the Ruffian (Ghoul Monk)                    Turns: 3364, Time: 00:09:50

HP:   -4/51 (52)    AC: 12    Str: 19 (22) XL:     6   Next: 98%
MP:   5/5           EV:  6    Int:  2 (5)  God:    Makhleb [......]
Gold: 214           SH:  3    Dex:  8 (11) Spells: 5/5 levels left

rFire    . . .     SeeInvis .     - Unarmed
rCold    + + .     Gourm    .   h - +0 buckler
rNeg     + + +     Faith    .   m - +0 plate armour (curse)
rPois    ∞         Spirit   .   (no helmet)
rElec    .         Reflect  .   (no cloak)
rCorr    .         Harm     .   (no gloves)
MR       .....                  i - +0 pair of boots
Stlth    ..........             (no amulet)
HPRegen  0.00/turn              e - ring of protection from cold
MPRegen  0.09/turn              (no ring)

@: mighty, rotting
A: rotting body, claws 1, carnivore, cold resistance 1, negative energy
resistance 3, inhibited regeneration, torment resistance, unbreathing
a: Renounce Religion


You were on level 4 of the Dungeon.
You worshipped Makhleb.
Makhleb was noncommittal.
You were not hungry.

You visited 2 branches of the dungeon, and saw 6 of its levels.

You collected 214 gold pieces.

Inventory:

Missiles
 p - 6 tomahawks of returning (quivered)
 s - 4 tomahawks
Armour
 h - a +0 buckler (worn)
 i - a +0 pair of boots (worn)
 m - a cursed +0 plate armour (worn)
Jewellery
 e - a ring of protection from cold (left claw)
 r - an uncursed ring of flight {unknown}
 t - an uncursed ring of see invisible {unknown}
Wands
 u - a wand of paralysis (13)
 w - a wand of polymorph (9)
 z - a wand of clouds (3)
Scrolls
 c - 2 scrolls of magic mapping {unknown}
 d - a scroll of amnesia {unknown}
 g - a scroll of teleportation {unknown}
 k - 4 scrolls of blinking {unknown}
 n - 2 scrolls of enchant weapon {unknown}
 q - a scroll of remove curse {unknown}
 y - 2 scrolls of random uselessness {unknown}
Potions
 a - 2 potions of brilliance
 f - 2 potions of degeneration
 j - a potion of might
 l - a potion of curing {unknown}
 o - a potion of flight {unknown}
 v - a potion of magic {unknown}
 x - 2 potions of invisibility {unknown}
Comestibles
 b - 10 rations


   Skills:
 + Level 4.0 Fighting
 + Level 2.4 Armour
 + Level 3.2 Dodging
 + Level 3.0 Stealth
 + Level 1.0 Shields
 + Level 6.3 Unarmed Combat
 + Level 0.4 Invocations


You had 5 spell levels left.
You didn't know any spells.

Dungeon Overview and Level Annotations

Branches:
Dungeon (5/15)             Temple (1/1) D:4

Altars:
Ashenzari
Dithmenos
Elyvilon
Fedhas
Hepliaklqana
Makhleb
Nemelex Xobeh
Okawaru
Qazlal
Ru
Sif Muna
Trog
Uskayaw
Wu Jian
Xom
Yredelemnul
The Shining One

Annotations:
D:5 1 transporter


Innate Abilities, Weirdness & Mutations

Your body is rotting away.
You thrive on raw meat.
You are immune to poison.
You have sharp fingernails.
You are carnivorous and can eat meat at any time.
Your flesh is cold resistant. (rC+)
You are immune to negative energy. (rN+++)
You do not regenerate when monsters are visible.
You are immune to unholy pain and torment.
You can survive without breathing.


Message History

The flying skull hits you.
* * * LOW HITPOINT WARNING * * *
The flying skull hits you.
* * * LOW HITPOINT WARNING * * *
You closely miss the flying skull.
The flying skull is moderately damaged.
The flying skull hits you.
* * * LOW HITPOINT WARNING * * *
You closely miss the flying skull.
The flying skull is moderately damaged.
The flying skull hits you but does no damage. x2
It was a potion of degeneration.
There was something very wrong with that liquid.
You feel weakened.
You feel dopey.
You feel clumsy.
The flying skull hits you but does no damage.
It was a potion of might.
You feel very mighty all of a sudden.
The flying skull hits you but does no damage.
The flying skull hits you.
You die...

.......................####......
.....(.......##.#.##....#........
.............##.#.........#......
...........#.#..###..............
...#......[......................
.......##.##.##...#.##..#........
.......##....###........[........
.......#......##.>.......###.##.#
.......#.#......@z.......##......
................##....(.....###..
.........#.....###....[...### #.#
.......#......## #.##......####.#
.......#......# #...[###.......#
.........#....# ###..# #.#####)#
.......###....######..###..##....
.......# ##.......##...##...#.##.
##.#..## #.###'###...........###


You could see a flying skull.

Vanquished Creatures
  An ogre (D:4)
  A bullfrog (D:3)
  A scorpion (D:4)
  A bullfrog skeleton (D:4)
  An orc wizard (D:3)
  6 adders
  An adder skeleton (D:4)
  2 worms
  A dart slug (D:1)
  5 leopard geckos
  11 orcs
  3 giant cockroaches
  8 goblins
  11 hobgoblins
  8 jackals
  2 quokkas
  14 bats
  6 frilled lizards
  4 kobolds
  10 rats
97 creatures vanquished.

Notes
Turn   | Place    | Note
-------+----------+-------------------------------------------
     0 | D:1      | Inarius the Ghoul Monk began the quest for the Orb.
     0 | D:1      | Reached XP level 1. HP: 19/19 MP: 0/0
    92 | D:1      | Reached XP level 2. HP: 26/26 MP: 1/1
   469 | D:1      | Reached XP level 3. HP: 26/31 MP: 2/2
  1251 | D:2      | Reached XP level 4. HP: 39/39 MP: 3/3
  1262 | D:2      | Reached skill level 4 in Unarmed Combat
  1357 | D:2      | Reached skill level 1 in Armour
  2056 | D:3      | Reached XP level 5. HP: 39/46 MP: 4/4
  2162 | D:3      | Found a basalt altar of Yredelemnul.
  2182 | D:3      | Became a worshipper of Yredelemnul the Dark
  2182 | D:3      | Reached * piety under Yredelemnul
  2182 | D:3      | Reached ** piety under Yredelemnul
  2333 | D:3      | Reached skill level 5 in Unarmed Combat
  2548 | D:3      | Reached XP level 6. HP: 52/52 MP: 5/5
  2549 | D:3      | Found a bloodstained altar of Trog.
  2903 | D:4      | Reached skill level 6 in Unarmed Combat
  3010 | D:4      | Found a staircase to the Ecumenical Temple.
  3018 | Temple   | Entered the Ecumenical Temple
  3109 | Temple   | Fell from the grace of Yredelemnul
  3109 | Temple   | Became a worshipper of Makhleb the Destroyer
  3164 | D:4      | Reached skill level 1 in Shields
  3300 | D:5      | Entered Level 5 of the Dungeon
  3321 | D:5      | Found a transporter.
  3333 | D:5      | Noticed a flying skull
  3333 | D:5      | Noticed a flying skull
  3361 | D:4      | HP: 1/51 [flying skull[the anger of Yredelemnul] (2)]
  3364 | D:4      | Slain by a flying skull

Skill      XL: |  1  2  3  4  5  6 |
---------------+-------------------+-----
Dodging        | 3 |  3.2
Unarmed Combat | 4 5 6 |  6.3
Armour         | 1 2 |  2.4
Stealth        | 3 |  3.0
Fighting       | 4 |  4.0
Shields        | 1 |  1.0
Invocations    | |  0.4

Action                   |  1- 3 |  4- 6 || total
-------------------------+-------+-------++-------
Melee: Unarmed           |   122 |   274 ||   396
Invok: Animate Remains   |       |     1 ||     1
  Use: Scroll            |       |     1 ||     1
       Potion            |       |     2 ||     2
 Stab: Sleeping          |     7 |     3 ||    10
  Eat: Chunk             |     7 |    26 ||    33
Armor: Robe              |     1 |       ||     1
       Leather armour    |    37 |     4 ||    41
       Ring mail         |       |    25 ||    25
       Plate armour      |       |   170 ||   170
Dodge: Dodged            |    80 |    86 ||   166
Block: Buckler           |     7 |    32 ||    39
